SL
GRAFTON MIDDIES @ WIZARDING EXPRESS
07/16/2025
 
TOP OF THE 1ST
Grafton Middies batting - Pitching for Wizarding Express : LHP Javier Roldán
Pitching: LHP Javier Roldán
Batting: RHB Pedro Santos 0-0: Ball
1-0: Swinging Strike
1-1: Swinging Strike
1-2: Ball
2-2: Foul Ball, location: 2F
2-2: Strikes out looking
Batting: RHB Carlos Maldonado 0-0: Ball
1-0: Ground out 5-3 (Groundball, 5)
Batting: RHB Nathan Boswell 0-0: Ball
1-0: Called Strike
1-1: Ball
2-1: Ball
3-1: Foul Ball, location: 2F
3-2: SINGLE (Line Drive, 78S)
Batting: RHB Ramón Gómez 0-0: Called Strike
0-1: Ball
1-1: Foul Ball, location: 2F
1-2: Ground out 1-3 (Groundball, 13S)
Top of the 1st over - 0 run(s), 1 hit(s), 0 error(s), 1 left on base; Grafton 0 - Wizarding 0
BOTTOM OF THE 1ST
Wizarding Express batting - Pitching for Grafton Middies : RHP Orlando De Jesús
Pitching: RHP Orlando De Jesús
Batting: RHB Chi-ju Zhang 0-0: Ball
1-0: Fly out, F2 (Popup, 5S)
Batting: LHB Kyung-chor Pang 0-0: Ball
1-0: Foul Ball, location: 2F
1-1: SINGLE (Groundball, 34S) (infield hit)
Batting: RHB António Martínez 0-0: Ball
1-0: Fly out, F8 (Flyball, 78XD)
Runner from 1st tags up, SAFE at 2nd
Batting: LHB Nathan Tanner 0-0: Ball
1-0: Called Strike
1-1: Ball
2-1: Fly out, F7 (Flyball, 7LM)
Bottom of the 1st over - 0 run(s), 1 hit(s), 0 error(s), 1 left on base; Grafton 0 - Wizarding 0
TOP OF THE 2ND
Grafton Middies batting - Pitching for Wizarding Express : LHP Javier Roldán
Batting: RHB Stefano Gaddi 0-0: Ground out 6-3 (Groundball, 6)
Batting: LHB Ramón Rivera 0-0: Ball
1-0: Called Strike
1-1: Ball
2-1: Ground out 4-3 (Groundball, 34)
Batting: RHB Dave Ash 0-0: Ball
1-0: SINGLE (Groundball, 56D)
Batting: SHB Jack MacAsgill 0-0: Ball
Dave Ash steals 2nd base
1-0: Ball
2-0: Ball
3-0: Base on Balls
Batting: RHB Dennis Clifton 0-0: Ball
1-0: Ball
2-0: Fly out, F8 (Flyball, 8LM)
Top of the 2nd over - 0 run(s), 1 hit(s), 0 error(s), 2 left on base; Grafton 0 - Wizarding 0
BOTTOM OF THE 2ND
Wizarding Express batting - Pitching for Grafton Middies : RHP Orlando De Jesús
Batting: RHB Rafael Arredondo 0-0: Foul Ball, location: 2F
0-1: Ball
1-1: Ball
2-1: Ground out 6-3 (Groundball, 6S)
Batting: RHB Steve Dunn 0-0: Ground out 6-3 (Groundball, 6MD)
Batting: LHB Michael Smith 0-0: Ball
1-0: Ball
2-0: Called Strike
2-1: SOLO HOME RUN (Flyball, 9D), Distance : 337 ft
Batting: RHB Ed Whitaker 0-0: Called Strike
0-1: Called Strike
0-2: DOUBLE (Groundball, 5L)
Batting: RHB Tenshin Ichikawa 0-0: Called Strike
0-1: Called Strike
0-2: Ball
1-2: Strikes out swinging
Bottom of the 2nd over - 1 run(s), 2 hit(s), 0 error(s), 1 left on base; Grafton 0 - Wizarding 1
TOP OF THE 3RD
Grafton Middies batting - Pitching for Wizarding Express : LHP Javier Roldán
Batting: RHB Pedro Santos 0-0: Ball
1-0: Foul Ball, location: 2F
1-1: Fly out, F9 (Flyball, 9S)
Batting: RHB Carlos Maldonado 0-0: Called Strike
0-1: Ball
1-1: Called Strike
1-2: Fly out, F8 (Flyball, 78S)
Batting: RHB Nathan Boswell 0-0: Ball
1-0: Called Strike
1-1: Ball
2-1: Swinging Strike
2-2: Foul Ball, location: 2F
2-2: Strikes out looking
Top of the 3rd over - 0 run(s), 0 hit(s), 0 error(s), 0 left on base; Grafton 0 - Wizarding 1
BOTTOM OF THE 3RD
Wizarding Express batting - Pitching for Grafton Middies : RHP Orlando De Jesús
Batting: RHB Chi-ju Zhang 0-0: Ball
1-0: Ground out 3-1 (Groundball, 34)
Batting: LHB Kyung-chor Pang 0-0: Fly out, F8 (Flyball, 8RM)
Batting: RHB António Martínez 0-0: Ball
1-0: Ball
2-0: Called Strike
2-1: Foul Ball, location: 2F
2-2: SINGLE (Groundball, 56D)
Batting: LHB Nathan Tanner 0-0: Ball
1-0: Called Strike
1-1: Swinging Strike
1-2: Ball
2-2: Ball
António Martínez steals 2nd base
3-2: Base on Balls
Batting: RHB Rafael Arredondo 0-0: Called Strike
0-1: SINGLE (Groundball, 4MD)
António Martínez to third
Nathan Tanner to second
Runner from 3rd tries for Home, SAFE, no throw
Batting: RHB Steve Dunn 0-0: Ground out 6-3 (Groundball, 6M)
Bottom of the 3rd over - 1 run(s), 2 hit(s), 0 error(s), 2 left on base; Grafton 0 - Wizarding 2
TOP OF THE 4TH
Grafton Middies batting - Pitching for Wizarding Express : LHP Javier Roldán
Batting: RHB Ramón Gómez 0-0: Ball
1-0: Ball
2-0: Ball
3-0: Called Strike
3-1: Base on Balls
Batting: RHB Stefano Gaddi 0-0: Called Strike
0-1: 2-RUN HOME RUN (Flyball, 8LXD), Distance : 417 ft
Batting: LHB Ramón Rivera 0-0: Foul Ball, location: 2F
0-1: Ball
1-1: Fly out, F9 (Flyball, 9S)
Batting: RHB Dave Ash 0-0: Ball
1-0: Ground out 5-3 (Groundball, 56)
Batting: SHB Jack MacAsgill 0-0: Ball
1-0: Fly out, F4 (Popup, 4D)
Top of the 4th over - 2 run(s), 1 hit(s), 0 error(s), 0 left on base; Grafton 2 - Wizarding 2
BOTTOM OF THE 4TH
Wizarding Express batting - Pitching for Grafton Middies : RHP Orlando De Jesús
Batting: LHB Michael Smith 0-0: Called Strike
0-1: Foul Ball, location: 2F
0-2: Strikes out swinging
Batting: RHB Ed Whitaker 0-0: Called Strike
0-1: Ball
1-1: Ball
2-1: Foul Ball, location: 2F
2-2: Ground out 1-3 (Groundball, 13S)
Batting: RHB Tenshin Ichikawa 0-0: Called Strike
0-1: Hit by Pitch
Batting: RHB Chi-ju Zhang 0-0: Called Strike
0-1: Swinging Strike
0-2: Ball
1-2: Foul Ball, location: 2F
1-2: Strikes out looking
Bottom of the 4th over - 0 run(s), 0 hit(s), 0 error(s), 1 left on base; Grafton 2 - Wizarding 2
TOP OF THE 5TH
Grafton Middies batting - Pitching for Wizarding Express : LHP Javier Roldán
Batting: RHB Dennis Clifton 0-0: Swinging Strike
0-1: Swinging Strike
0-2: Foul Ball, location: 2F
0-2: Ball
1-2: Ball
2-2: Ball
3-2: Fly out, F9 (Line Drive, 9)
Batting: RHB Pedro Santos 0-0: Swinging Strike
0-1: Swinging Strike
0-2: Strikes out swinging
Batting: RHB Carlos Maldonado 0-0: Called Strike
0-1: Called Strike
0-2: Foul Ball, location: 2F
0-2: Ball
1-2: Ball
2-2: Ball
3-2: Foul Ball, location: 2F
3-2: SINGLE (Line Drive, 4MD)
Batting: RHB Nathan Boswell 0-0: Fielders Choice at 2nd, U4 (Groundball, 4M)
Top of the 5th over - 0 run(s), 1 hit(s), 0 error(s), 1 left on base; Grafton 2 - Wizarding 2
BOTTOM OF THE 5TH
Wizarding Express batting - Pitching for Grafton Middies : RHP Orlando De Jesús
Batting: LHB Kyung-chor Pang 0-0: Ball
1-0: Ball
2-0: Ball
3-0: Called Strike
3-1: SINGLE (Line Drive, 6MD)
Batting: RHB António Martínez 0-0: Ball
1-0: Ball
2-0: Called Strike
2-1: Called Strike
2-2: Foul Ball, location: 2F
2-2: Strikes out swinging
Kyung-chor Pang steals 2nd base
Batter strikes out.
Batting: LHB Nathan Tanner 0-0: Called Strike
0-1: Fly out, F3 (Line Drive, 3)
Batting: RHB Rafael Arredondo 0-0: Foul Ball, location: 2F
0-1: Hit by Pitch
Batting: RHB Steve Dunn 0-0: Called Strike
0-1: Ball
1-1: Foul Ball, location: 2F
1-2: Fly out, F8 (Flyball, 8LD)
Bottom of the 5th over - 0 run(s), 1 hit(s), 0 error(s), 2 left on base; Grafton 2 - Wizarding 2
TOP OF THE 6TH
Grafton Middies batting - Pitching for Wizarding Express : LHP Javier Roldán
Batting: RHB Ramón Gómez 0-0: Swinging Strike
0-1: Ball
1-1: Ball
2-1: Called Strike
2-2: Foul Ball, location: 2F
2-2: Strikes out swinging
Batting: RHB Stefano Gaddi 0-0: Ball
1-0: Ball
2-0: Ball
3-0: Called Strike
3-1: SINGLE (Groundball, 6D)
Batting: LHB Ramón Rivera 0-0: Swinging Strike
0-1: Foul Ball, location: 2F
0-2: Strikes out swinging
Batting: RHB Dave Ash 0-0: Called Strike
0-1: Swinging Strike
0-2: Foul Ball, location: 2F
0-2: Strikes out swinging
Top of the 6th over - 0 run(s), 1 hit(s), 0 error(s), 1 left on base; Grafton 2 - Wizarding 2
BOTTOM OF THE 6TH
Wizarding Express batting - Pitching for Grafton Middies : RHP Orlando De Jesús
Batting: LHB Michael Smith 0-0: Called Strike
0-1: Ball
1-1: Ground out 4-3 (Groundball, 34D)
Batting: RHB Ed Whitaker 0-0: Called Strike
0-1: Swinging Strike
0-2: Strikes out swinging
Batting: RHB Tenshin Ichikawa 0-0: Swinging Strike
0-1: Called Strike
0-2: Strikes out looking
Bottom of the 6th over - 0 run(s), 0 hit(s), 0 error(s), 0 left on base; Grafton 2 - Wizarding 2
TOP OF THE 7TH
Grafton Middies batting - Pitching for Wizarding Express : LHP Javier Roldán
Pitching: RHP Jackson Haines
Batting: SHB Jack MacAsgill 0-0: Ground out 4-3 (Groundball, 4)
Batting: RHB Dennis Clifton 0-0: Called Strike
0-1: Ball
1-1: SINGLE (Groundball, 6D)
Batting: RHB Pedro Santos 0-0: Swinging Strike
0-1: SINGLE (Line Drive, 8LS)
Dennis Clifton to second
Batting: RHB Carlos Maldonado 0-0: Called Strike
0-1: Foul Ball, location: 2F
0-2: SINGLE (Line Drive, 78S)
Dennis Clifton to third
Pedro Santos to second
Batting: RHB Nathan Boswell 0-0: Ball
1-0: Grounds into fielders choice 5-2 (Groundball, 5S)
Pedro Santos to third
Carlos Maldonado to second
Batting: RHB Ramón Gómez 0-0: Called Strike
0-1: Foul Ball, location: 2F
0-2: Strikes out swinging
Top of the 7th over - 0 run(s), 3 hit(s), 0 error(s), 3 left on base; Grafton 2 - Wizarding 2
BOTTOM OF THE 7TH
Wizarding Express batting - Pitching for Grafton Middies : RHP Orlando De Jesús
Batting: RHB Chi-ju Zhang 0-0: Called Strike
0-1: Ground out 5-3 (Groundball, 56)
Batting: LHB Kyung-chor Pang 0-0: Fly out, F9 (Line Drive, 89S)
Batting: RHB António Martínez 0-0: Called Strike
0-1: Ball
1-1: Foul Ball, location: 2F
1-2: Foul Ball, location: 2F
1-2: Ball
2-2: Ball
3-2: Foul Ball, location: 2F
3-2: DOUBLE (Line Drive, 8LXD)
Batting: LHB Nathan Tanner 0-0: Ball
1-0: Ball
2-0: Ball
3-0: Called Strike
3-1: Foul Ball, location: 2F
3-2: Base on Balls
Pitching: RHP Domingo Álvarez
Batting: RHB Rafael Arredondo 0-0: Ball
1-0: Ball
2-0: SINGLE (Line Drive, 7LS)
António Martínez to third
Nathan Tanner to second
Runner from 3rd tries for Home, SAFE, no throw
Batting: RHB Steve Dunn 0-0: Ball
1-0: Ball
2-0: Called Strike
2-1: Foul Ball, location: 2F
2-2: Foul Ball, location: 2F
2-2: Foul Ball, location: 2F
2-2: Foul Ball, location: 2F
2-2: Foul Ball, location: 2F
2-2: Strikes out swinging
Bottom of the 7th over - 1 run(s), 2 hit(s), 0 error(s), 2 left on base; Grafton 2 - Wizarding 3
TOP OF THE 8TH
Grafton Middies batting - Pitching for Wizarding Express : RHP Jackson Haines
Batting: RHB Stefano Gaddi 0-0: Ball
1-0: Ball
2-0: Swinging Strike
2-1: Ball
3-1: Fly out, F9 (Flyball, 9LMF)
Pitching: LHP Ming-jiang Wu
Batting: LHB Ramón Rivera 0-0: Called Strike
0-1: Ball
1-1: Ball
2-1: Foul Ball, location: 2F
2-2: Fly out, F8 (Flyball, 8LXD)
Batting: RHB Dave Ash 0-0: Ball
1-0: Ground out 6-3 (Groundball, 6)
Top of the 8th over - 0 run(s), 0 hit(s), 0 error(s), 0 left on base; Grafton 2 - Wizarding 3
BOTTOM OF THE 8TH
Wizarding Express batting - Pitching for Grafton Middies : RHP Domingo Álvarez
Batting: LHB Michael Smith 0-0: Foul Ball, location: 2F
0-1: Foul Ball, location: 2F
0-2: Ball
1-2: Foul Ball, location: 2F
1-2: Ball
2-2: Foul Ball, location: 2F
2-2: Strikes out swinging
Batting: RHB Ed Whitaker 0-0: Ball
1-0: Fly out, F8 (Flyball, 8RM)
Batting: RHB Tenshin Ichikawa 0-0: Called Strike
0-1: Ball
1-1: Ball
2-1: Foul Ball, location: 2F
2-2: Strikes out swinging, 2-3 out at first.
Bottom of the 8th over - 0 run(s), 0 hit(s), 0 error(s), 0 left on base; Grafton 2 - Wizarding 3
TOP OF THE 9TH
Grafton Middies batting - Pitching for Wizarding Express : LHP Ming-jiang Wu
Pitching: RHP Travis Carson
Batting: SHB Jack MacAsgill 0-0: Ball
1-0: Called Strike
1-1: Ball
2-1: SINGLE (Flyball, 7S)
Batting: RHB Dennis Clifton 0-0: Bunted foul
0-1: Ball
1-1: Ball
2-1: Bunted foul
2-2: Grounds into double play, 5-4-3 (Groundball, 56)
Batting: RHB Pedro Santos 0-0: Ball
1-0: Ball
2-0: Ball
3-0: Swinging Strike
3-1: Fly out, F8 (Flyball, 8RD)
Top of the 9th over - 0 run(s), 1 hit(s), 0 error(s), 0 left on base; Grafton 2 - Wizarding 3
Friday, December 30th, 2016 - OOTP Baseball 17.12 Build 75